Map: Automaton LE

Players

Vindicta - Winner!

  • Race: Terran Terran
  • League: Grandmaster
  • Spawn Location: 3:00

Demi

  • Race: Zerg Zerg
  • League: Grandmaster
  • Spawn Location: 9:00

Event: 2019 WCS Winter Americas

VOD

Have the link to the VOD?

Description

Time

  • Played on: Feb. 2, 2019, 2:23 p.m.
  • Length: 18:24

All games in this series

Show
View Real Time Build Order
Export as new Build Order

Vindicta Terran - Winner!

Build Orders: Reaper Expand, Hellion Banshee, Mech 

Get SALT Encoding   

  12  0:01  SCV  
  13  0:13  SCV  
  14  0:18  Supply Depot  
  14  0:25  SCV  
  15  0:39  SCV  
  15  0:40  Barracks  
  16  0:44  Refinery  
  16  0:51  SCV  
  17  1:03  SCV  
  18  1:15  SCV  
  19  1:27  Reaper  
  19  1:28  Orbital Command  
  20  1:45  Command Center  
  20  1:53  SCV  
  21  1:59  Marine  
  22  2:02  Supply Depot  
  22  2:06  SCV  
  23  2:13  Factory  
  23  2:21  Barracks Reactor  
  23  2:23  SCV  
  23  2:26  Refinery  
  24  2:36  SCV  
  25  2:48  SCV  
  26  2:57  Starport  
  26  3:00  SCV, Orbital Command  
  27  3:06  Hellion  
  27  3:08  Hellion  
  27  3:09  Barracks Tech Lab  
  31  3:13  SCV  
  32  3:25  SCV  
  33  3:27  SCV, Hellion  
  33  3:29  Hellion  
  37  3:39  SCV  
  37  3:41  SCV  
  41  3:49  Hellion  
  41  3:52  Supply Depot  
  41  3:55  SCV  
  42  3:57  SCV  
  42  3:59  Hellion, Cloaking Field  
  45  4:07  SCV  
  46  4:13  SCV, Banshee  
  46  4:14  Supply Depot  
  46  4:15  Supply Depot  
  52  4:19  SCV  
  53  4:28  Command Center  
  53  4:29  SCV  
  51  4:32  SCV  
  51  4:36  Hellion x2  
  56  4:41  SCV  
  56  4:44  SCV  
  58  4:46  Armory  
  58  4:47  Refinery  
  58  4:48  Refinery  
  58  4:53  SCV  
  58  4:58  Factory, Barracks Tech Lab  
  58  4:59  Factory  
  59  5:06  SCV  
  63  5:07  SCV  
  64  5:14  Supply Depot  
  64  5:18  SCV  
  64  5:19  SCV  
  63  5:30  SCV  
  63  5:31  Viking x2, SCV  
  69  5:39  Thor  
  69  5:42  SCV  
  76  5:43  SCV, Orbital Command  
  76  5:47  Factory Tech Lab  
  76  5:48  Factory Reactor  
  77  5:53  Supply Depot  
  77  5:54  SCV  
  78  5:59  Orbital Command  
  78  6:01  Medivac x2  
  78  6:04  SCV  
  83  6:08  SCV  
  82  6:13  Thor  
  82  6:16  SCV  
  89  6:22  Refinery  
  89  6:24  Infernal Pre-Igniter  
  86  6:27  SCV x2  
  86  6:29  SCV  
  86  6:30  Refinery  
  89  6:33  Hellion  
  89  6:36  Hellion  
  93  6:42  SCV x2, Siege Tank  
  98  6:49  Supply Depot  
  98  6:51  Supply Depot  
  99  6:54  SCV  
  99  6:58  Terran Vehicle And Ship Armor Level 1, SCV  
  99  7:00  SCV  
  101  7:10  Smart Servos  
  101  7:11  SCV x2, Siege Tank  
  101  7:12  SCV  
  101  7:14  Supply Depot  
  101  7:15  Supply Depot  
  107  7:20  Factory  
  107  7:21  Factory  
  107  7:23  Hellion  
  107  7:25  Hellion  
  107  7:28  Siege Tank  
  114  7:30  SCV x2  
  114  7:33  SCV  
  117  7:38  Engineering Bay  
  117  7:41  Armory  
  117  7:43  SCV x2  
  119  7:46  Siege Tank, Supply Depot  
  119  7:47  Hellion  
  125  7:55  SCV  
  125  7:58  SCV  
  127  8:01  Command Center  
  126  8:06  Supply Depot  
  126  8:09  Sensor Tower  
  126  8:10  Hellion  
  128  8:13  Factory Reactor, Factory Tech Lab  
  128  8:18  Siege Tank  
  129  8:20  Command Center  
  129  8:21  Hellion  
  129  8:26  Hellion  
  126  8:31  Terran Vehicle Weapons Level 1  
  126  8:32  Supply Depot  
  126  8:33  Siege Tank, Supply Depot  
  129  8:40  Viking  
  129  8:41  Viking  
  129  8:48  Siege Tank  
  134  8:50  Siege Tank  
  134  8:51  Supply Depot x2  
  137  8:58  Hellion  
  137  9:04  Supply Depot  
  137  9:05  Supply Depot  
  137  9:06  Hellion, Siege Tank  
  142  9:11  SCV  
  142  9:14  Hellion  
  145  9:19  Thor  
  145  9:24  Thor  
  145  9:28  Hellion  
  153  9:35  Orbital Command  
  156  9:39  Terran Vehicle And Ship Armor Level 2  
  156  9:43  Planetary Fortress  
  153  9:54  Refinery  
  153  9:55  Refinery  
  153  9:56  Hellion  
  163  10:00  Hellion  
  163  10:05  Hellion  
  160  10:15  Barracks Tech Lab  
  160  10:18  Liberator  
  160  10:19  Ghost Academy  
  160  10:20  Barracks  
  154  10:21  Barracks  
  154  10:22  Hellion  
  154  10:25  Sensor Tower  
  154  10:26  Hellion  
  154  10:27  Neosteel Armor  
  160  10:28  Hellion  
  160  10:32  Terran Vehicle Weapons Level 2  
  160  10:33  SCV x2  
  159  10:42  Hellion  
  164  10:46  Hellion, Siege Tank  
  164  10:47  Hellion  
  171  10:50  Personal Cloaking  
  171  10:55  Liberator  
  166  11:01  Hellion x9  
  163  11:05  Command Center  
  163  11:07  Barracks Tech Lab  
  163  11:09  Barracks Tech Lab  
  163  11:10  Hellion  
  168  11:12  Ghost  
  168  11:16  Hellion, Siege Tank  
  175  11:20  Siege Tank  
  175  11:21  Hellion  
  180  11:25  Ghost  
  180  11:29  Hellion, Siege Tank  
  178  11:48  Hellion, Siege Tank  
  178  11:50  SCV  
  178  11:51  Ghost x2  
  178  11:52  Thor  
  180  11:54  Ghost  
  180  11:55  Orbital Command  
  180  12:00  SCV x3  
  180  12:01  Siege Tank  
  180  12:02  SCV  
  161  12:10  Hellion x3  
  161  12:12  Hellion  
  121  12:16  SCV x2  
  121  12:17  SCV  
  121  12:19  Ghost  
  121  12:20  SCV, Siege Tank  
  116  12:28  SCV x2  
  116  12:29  Orbital Command  
  114  12:31  Hellion x2  
  123  12:37  Hellion x2  
  123  12:38  Hellion x6, Ghost  
  123  12:42  SCV x2  
  123  12:43  Ghost  
  128  12:50  Ghost  
  130  12:55  SCV x2  
  130  12:56  Refinery  
  130  12:57  Refinery  
  138  13:01  Siege Tank  
  138  13:02  Hellion x3  
  138  13:05  Siege Tank  
  144  13:16  Command Center  
  144  13:19  Hellion  
  149  13:21  Ghost  
  149  13:24  Thor  
  149  13:26  Nuke  
  154  13:30  Terran Vehicle Weapons Level 3  
  154  13:36  Hellion  
  154  13:38  Thor  
  156  13:43  Thor  
  156  13:46  Ghost  
  164  13:50  Ghost  
  164  13:55  Hellion x2  
  164  13:59  Medivac x2  
  164  14:03  SCV  
  165  14:10  Ghost Academy  
  165  14:11  Ghost Academy  
  165  14:15  Hellion x2  
  165  14:16  Hellion  
  174  14:18  Ghost  
  174  14:19  Ghost  
  174  14:22  Hellion  
  177  14:28  Thor  
  183  14:40  Thor  
  183  14:43  Nuke  
  189  14:46  Refinery x2  
  189  14:50  Hellion  
  191  14:53  Thor  
  191  15:04  Terran Vehicle And Ship Armor Level 3  
  191  15:05  Nuke  
  185  15:12  Planetary Fortress  
  185  15:16  Hellion  
  185  15:19  Siege Tank  
  189  15:27  Thor  
  191  15:38  Nuke x2  
  191  15:39  Viking  
  193  15:48  Thor  
  193  15:49  Command Center x2  
  199  16:06  Command Center x2  
  197  16:28  Hellion  
  197  16:30  Terran Ship Weapons Level 1  
  199  16:34  Starport x2  
  199  16:35  Fusion Core  
  199  16:38  Nuke  
  199  16:39  Nuke x2  
  199  16:43  Hellion  
  197  17:00  Viking x2  
  169  17:03  Thor  
  169  17:05  Hellion x2  
  173  17:11  Orbital Command x2  
  171  17:22  Starport Reactor, Orbital Command  
  171  17:23  Starport Tech Lab  
  171  17:25  Hellion  
  171  17:27  Hellion  
  181  17:31  Ghost  
  181  17:32  Refinery  
  181  17:34  Refinery  
  183  17:38  Hellion  
  156  17:55  Ghost  
  145  18:10  SCV  
Show
View Real Time Build Order
Export as new Build Order

Demi Zerg 

Build Orders: Hatch First, Brood Lord Corruptor 

Get SALT Encoding   

  12  0:01  Drone  
  13  0:13  Overlord  
  13  0:18  Drone  
  14  0:31  Drone x2  
  16  0:50  Hatchery  
  16  0:53  Drone  
  16  0:57  Drone  
  16  1:01  Drone  
  18  1:11  Extractor  
  17  1:17  Spawning Pool  
  16  1:19  Drone  
  16  1:23  Drone  
  18  1:32  Drone  
  19  1:40  Drone  
  20  1:52  Overlord  
  20  2:03  Queen x2  
  20  2:04  Zergling x2  
  20  2:05  Zergling x2  
  26  2:11  Metabolic Boost  
  26  2:13  Drone  
  26  2:15  Drone  
  28  2:22  Drone  
  29  2:24  Drone  
  30  2:39  Queen  
  32  2:48  Overlord  
  32  2:49  Pneumatized Carapace  
  33  2:51  Drone x3  
  33  2:56  Drone  
  33  2:57  Overlord  
  36  3:08  Drone x2  
  36  3:11  Overlord  
  38  3:13  Drone  
  38  3:14  Drone  
  40  3:20  Drone x4  
  40  3:24  Drone  
  45  3:36  Hatchery  
  44  3:42  Drone  
  44  3:46  Baneling Nest  
  44  3:47  Queen  
  46  3:52  Drone  
  46  3:54  Queen, Drone x2  
  51  3:57  Overlord  
  51  4:04  Drone x2  
  51  4:06  Zergling x6  
  56  4:19  Drone x2  
  56  4:21  Overlord  
  58  4:30  Lair  
  58  4:31  Extractor  
  58  4:33  Drone x2  
  58  4:34  Drone x4  
  63  4:38  Spore Crawler  
  63  4:40  Spore Crawler  
  63  4:44  Drone  
  63  4:45  Spore Crawler, Drone  
  63  4:49  Queen  
  63  4:51  Drone x2  
  66  5:00  Extractor  
  66  5:03  Zergling x8  
  69  5:09  Drone  
  69  5:10  Drone x5  
  75  5:17  Spore Crawler  
  75  5:19  Drone  
  75  5:20  Overlord  
  75  5:26  Drone x2  
  75  5:28  Evolution Chamber x2  
  76  5:29  Baneling x2  
  76  5:30  Baneling x2  
  76  5:32  Overseer  
  75  5:37  Drone x2  
  75  5:38  Drone  
  75  5:42  Overseer  
  78  5:45  Drone x2  
  78  5:46  Drone x5  
  84  5:54  Extractor  
  84  5:55  Extractor, Hydralisk Den, Zerg Melee Weapons Level 1  
  81  6:04  Drone x2  
  81  6:05  Drone x3  
  86  6:11  Drone  
  86  6:12  Extractor, Drone x3  
  86  6:13  Centrifical Hooks  
  89  6:26  Muscular Augments  
  89  6:29  Overlord x4  
  89  6:31  Zerg Ground Armor Level 1  
  89  6:40  Hatchery  
  89  6:41  Overlord x4  
  89  6:42  Infestation Pit  
  89  6:45  Drone  
  89  6:46  Drone  
  89  6:47  Overlord x2  
  89  6:55  Hydralisk  
  89  6:56  Hydralisk x4  
  89  6:58  Zergling x2  
  100  7:07  Overlord  
  100  7:15  Drone x8  
  102  7:16  Drone  
  102  7:19  Pathogen Glands  
  102  7:20  Drone x4  
  113  7:31  Hydralisk  
  113  7:32  Hydralisk x2  
  119  7:38  Overlord x2  
  119  7:39  Grooved Spines  
  119  7:49  Infestor x3  
  125  7:55  Drone x2  
  125  7:58  Zerg Melee Weapons Level 2  
  127  8:00  Zergling x14  
  127  8:01  Hatchery  
  127  8:04  Extractor  
  132  8:07  Extractor  
  132  8:11  Hydralisk  
  132  8:12  Hydralisk x4  
  132  8:19  Hydralisk x3  
  141  8:20  Zergling x6  
  141  8:23  Queen  
  141  8:26  Queen  
  145  8:31  Zergling x2  
  145  8:32  Zergling x8  
  150  8:34  Hive  
  150  8:36  Zerg Missile Weapons Level 1  
  150  8:44  Zergling x16  
  150  8:45  Zergling x2  
  159  8:59  Zergling x2  
  159  9:00  Zergling x12  
  153  9:10  Hydralisk x2  
  153  9:11  Hydralisk x2  
  153  9:12  Zergling x6  
  164  9:27  Hydralisk  
  164  9:28  Hydralisk x5  
  170  9:32  Hatchery  
  170  9:37  Baneling x3  
  170  9:38  Baneling x5  
  168  9:39  Baneling x3  
  168  9:44  Queen  
  168  9:45  Overlord x3  
  170  9:50  Hydralisk x4  
  170  9:51  Hydralisk x2  
  182  9:59  Baneling x3  
  182  10:00  Baneling x4  
  182  10:02  Viper x3  
  176  10:16  Zerg Melee Weapons Level 3  
  176  10:22  Spire  
  176  10:26  Adrenal Glands  
  175  10:29  Zergling x12  
  175  10:30  Zergling x28  
  194  11:17  Zerg Missile Weapons Level 2  
  194  11:21  Overseer  
  194  11:32  Extractor x2  
  193  11:35  Zergling x2  
  193  11:36  Zergling x16  
  152  12:13  Viper x2  
  152  12:14  Viper x3  
  149  12:19  Zergling x16  
  149  12:20  Zergling x32  
  162  12:25  Spore Crawler  
  162  12:28  Drone  
  162  12:29  Drone x5  
  167  12:32  Spire  
  167  12:33  Greater Spire  
  167  12:35  Overlord x2  
  167  12:36  Spore Crawler  
  165  12:37  Spore Crawler  
  164  12:44  Evolution Chamber  
  164  12:45  Evolution Chamber  
  164  12:47  Evolution Chamber  
  145  12:53  Overlord x2  
  145  12:54  Drone x3  
  145  12:55  Drone x3  
  145  12:56  Drone  
  145  12:57  Overseer x3  
  150  12:59  Corruptor x4  
  150  13:00  Corruptor x3  
  164  13:06  Drone x3  
  167  13:15  Zerg Ground Armor Level 2  
  167  13:23  Baneling x2  
  167  13:24  Baneling x6  
  167  13:25  Hydralisk x4, Baneling x2  
  167  13:26  Hydralisk x2  
  175  13:41  Overseer x2  
  168  13:51  Brood Lord x2  
  168  13:52  Brood Lord x2  
  168  13:54  Brood Lord x3  
  168  13:55  Drone x3  
  177  13:56  Drone x3  
  177  13:57  Zerg Flyer Armor Level 1  
  182  14:07  Zerg Flyer Weapons Level 1  
  182  14:12  Extractor x2  
  182  14:14  Hatchery  
  182  14:16  Queen  
  181  14:17  Drone x2  
  182  14:29  Corruptor  
  182  14:30  Corruptor  
  186  14:32  Corruptor x3  
  186  14:33  Corruptor x2  
  191  14:56  Drone x2  
  191  14:57  Drone x5  
  191  14:58  Drone x4  
  187  15:03  Overseer  
  185  15:11  Spore Crawler x2  
  185  15:12  Spore Crawler  
  185  15:13  Drone x3  
  185  15:14  Spore Crawler, Drone x3  
  183  15:28  Brood Lord x2  
  187  15:53  Drone x3  
  187  15:54  Drone x3  
  187  15:58  Extractor  
  187  16:02  Drone  
  187  16:03  Spore Crawler, Corruptor x3, Drone x2  
  196  16:17  Overlord  
  196  16:18  Overlord  
  193  16:32  Spore Crawler  
  190  16:42  Zergling x2  
  190  16:43  Zergling x16  
  165  17:04  Brood Lord  
  165  17:05  Brood Lord x4  
  165  17:07  Drone x3  
  165  17:08  Drone x11  
  189  17:16  Drone x4  
  189  17:17  Drone x3  
  189  17:21  Brood Lord x2  
  200  17:43  Hydralisk  
  200  17:44  Hydralisk x16  
  167  17:45  Zergling x2  
  180  17:57  Hydralisk  
  180  17:58  Hydralisk x3  
Tags
 
Add a new tag
Caveats
  • Supply blocks, unpowered buildings, or Contaminate may cause inaccurate times.
  • Supply counts are checked every 10 seconds.